Map: 하드와이어 - 래더

Players

Trap

  • Race: Protoss Protoss

DPGRogue (Rogue) - Winner!

  • Race: Zerg Zerg

Event: DreamHack SC2 Masters Last Chance 2022

VOD

Have the link to the VOD?

Description

Time

  • Played on: Dec. 15, 2021, 7:42 a.m.
  • Length: 12:53

All games in this series

Show
View Real Time Build Order
Export as new Build Order

Trap Protoss 

Build Orders: 1 Gate Expand, Oracle Opening 

Get SALT Encoding   

  12  0:00  Probe  
  13  0:13  Pylon  
  13  0:17  Probe (Chrono Boost)  
  14  0:27  Probe (Chrono Boost)  
  15  0:32  Probe (Chrono Boost)  
  16  0:40  Gateway  
  16  0:43  Probe  
  17  0:50  Assimilator  
  17  0:55  Probe  
  18  1:08  Probe  
  19  1:20  Probe  
  19  1:24  Nexus  
  20  1:35  Cybernetics Core  
  20  1:37  Probe  
  21  1:44  Assimilator  
  21  1:49  Probe  
  21  1:53  Pylon  
  22  2:02  Probe  
  23  2:09  Adept (Chrono Boost)  
  23  2:10  Probe  
  23  2:12  Warp Gate  
  26  2:18  Probe  
  27  2:28  Probe (Chrono Boost), Stargate  
  27  2:36  Stalker  
  30  2:38  Probe (Chrono Boost)  
  32  2:46  Probe (Chrono Boost)  
  32  2:48  Probe (Chrono Boost)  
  33  2:53  Probe x2 (Chrono Boost)  
  35  3:04  Probe  
  35  3:05  Probe  
  37  3:06  Adept  
  37  3:08  Oracle (Chrono Boost)  
  42  3:16  Probe  
  42  3:17  Pylon  
  42  3:18  Probe  
  44  3:28  Probe  
  44  3:29  Gateway  
  44  3:31  Probe  
  46  3:35  Oracle (Chrono Boost)  
  46  3:40  Probe  
  50  3:42  Pylon  
  50  3:45  Assimilator  
  50  3:46  Probe  
  50  3:48  Assimilator  
  51  3:52  Probe  
  52  3:58  Probe  
  53  4:03  Nexus  
  53  4:10  Probe x2, Pylon  
  55  4:27  Adept x2  
  59  4:32  Shield Battery  
  59  4:33  Probe x2  
  59  4:38  Forge  
  61  4:41  Twilight Council  
  61  4:42  Gateway  
  61  4:44  Gateway  
  61  4:48  Probe x2  
  61  4:51  Sentry x2  
  67  4:56  Pylon  
  67  5:01  Robotics Facility, Blink (Chrono Boost)  
  67  5:02  Pylon  
  67  5:04  Probe  
  67  5:05  Probe  
  67  5:06  Protoss Ground Weapons Level 1 (Chrono Boost)  
  69  5:16  Probe  
  69  5:17  Probe  
  71  5:24  Probe  
  71  5:28  Probe, Sentry x2  
  76  5:30  Probe  
  78  5:35  Gateway  
  78  5:36  Gateway  
  78  5:44  Stalker x2  
  82  5:52  Gateway  
  82  5:53  Gateway  
  82  5:54  Warp Prism (Chrono Boost)  
  82  5:59  Probe  
  82  6:01  Probe x2  
  87  6:13  Probe x3  
  87  6:15  Shield Battery  
  90  6:20  Stalker  
  90  6:21  Stalker x3  
  98  6:26  Observer  
  98  6:27  Pylon  
  99  6:35  Pylon  
  99  6:39  Assimilator  
  99  6:43  Assimilator  
  99  6:44  Zealot  
  99  6:46  Stalker  
  99  6:47  Stalker x3  
  107  6:53  Stalker x3  
  115  6:56  Pylon  
  115  6:57  Probe x2  
  117  7:03  Pylon  
  117  7:11  Robotics Bay  
  117  7:14  Probe  
  118  7:21  Stalker x4  
  122  7:27  Robotics Facility  
  122  7:29  Probe, Protoss Ground Weapons Level 2 (Chrono Boost)  
  125  7:30  Probe x2  
  125  7:34  Photon Cannon, Pylon  
  125  7:36  Pylon  
  125  7:43  Immortal (Chrono Boost)  
  129  7:56  Charge  
  129  8:04  Nexus  
  129  8:06  Pylon  
  129  8:11  Disruptor (Chrono Boost)  
  129  8:18  Disruptor (Chrono Boost)  
  129  8:19  Templar Archives  
  135  8:25  Photon Cannon  
  135  8:27  Zealot x3  
  135  8:28  Photon Cannon, Zealot  
  135  8:29  Photon Cannon  
  135  8:31  Shield Battery  
  135  8:33  Photon Cannon  
  143  8:36  Disruptor (Chrono Boost)  
  146  8:43  Psionic Storm  
  146  8:44  Zealot, Disruptor (Chrono Boost)  
  146  8:46  Zealot  
  153  8:49  Zealot  
  153  8:50  Zealot  
  154  9:05  High Templar  
  154  9:06  Pylon  
  154  9:07  Pylon  
  156  9:12  Pylon  
  156  9:16  High Templar  
  156  9:17  High Templar  
  160  9:21  Zealot  
  160  9:22  Probe x3, Disruptor (Chrono Boost)  
  160  9:23  Probe  
  169  9:26  Assimilator  
  169  9:27  Disruptor (Chrono Boost)  
  169  9:28  Assimilator  
  172  9:35  Probe x4  
  172  9:36  Photon Cannon  
  176  9:48  Fleet Beacon  
  176  9:50  Stargate  
  176  9:59  Stargate  
  176  10:15  Immortal x2  
  184  10:35  Nexus  
  178  10:47  Carrier (Chrono Boost)  
  178  10:49  Carrier (Chrono Boost)  
  190  10:54  Disruptor  
  193  10:58  Pylon  
  193  11:03  Carrier (Chrono Boost)  
  192  11:19  Zealot x4  
  192  11:20  Photon Cannon  
  192  11:22  Photon Cannon  
  192  11:24  Photon Cannon  
  160  11:39  Carrier (Chrono Boost)  
  126  11:41  Carrier (Chrono Boost)  
  126  11:46  Zealot x4  
  126  11:47  Zealot x2  
  145  12:00  Disruptor  
  145  12:01  Disruptor  
  157  12:20  Stalker x3  
  157  12:23  Assimilator x2, Probe  
  157  12:24  Probe x2  
  157  12:26  Probe  
  157  12:36  Probe  
  150  12:38  High Templar x2  
  150  12:39  Zealot x3  
  150  12:43  Archon  
Show
View Real Time Build Order
Export as new Build Order

DPGRogue Zerg - Winner!

Build Orders: Hatch First, Lurkers 

Get SALT Encoding   

  12  0:00  Drone  
  13  0:12  Overlord  
  13  0:17  Drone  
  14  0:31  Drone  
  15  0:44  Hatchery  
  15  0:48  Drone  
  15  0:51  Drone  
  15  0:55  Drone  
  17  1:00  Drone  
  18  1:09  Extractor  
  17  1:15  Spawning Pool  
  16  1:19  Drone  
  16  1:22  Drone  
  18  1:31  Drone  
  19  1:43  Drone  
  20  1:53  Overlord  
  20  2:02  Queen x2  
  20  2:03  Zergling x2  
  20  2:04  Zergling x2  
  26  2:10  Drone  
  26  2:14  Drone  
  28  2:16  Metabolic Boost  
  28  2:20  Drone  
  29  2:25  Drone  
  29  2:28  Drone  
  31  2:37  Drone  
  31  2:44  Hatchery  
  31  2:50  Queen  
  33  2:53  Overlord  
  33  2:55  Drone  
  33  2:58  Drone  
  35  2:59  Drone  
  36  3:12  Drone x2  
  38  3:13  Drone  
  38  3:14  Queen  
  38  3:15  Drone  
  38  3:16  Drone  
  43  3:20  Overlord  
  43  3:22  Drone  
  44  3:28  Overlord  
  44  3:39  Spore Crawler  
  44  3:40  Drone  
  44  3:42  Drone x2  
  44  3:47  Zergling x4  
  48  3:50  Drone x2  
  48  3:51  Queen  
  48  3:55  Queen  
  52  4:01  Zergling x6  
  57  4:05  Drone, Spore Crawler  
  57  4:09  Overlord  
  57  4:10  Drone x4  
  57  4:15  Spore Crawler  
  57  4:18  Drone x2  
  58  4:24  Drone x3  
  58  4:28  Drone x2  
  61  4:32  Drone  
  61  4:33  Drone  
  61  4:35  Drone  
  63  4:39  Drone x3  
  63  4:44  Overlord  
  66  4:48  Lair  
  66  4:50  Drone x3  
  69  4:53  Overlord  
  69  4:54  Overlord  
  69  5:01  Extractor  
  69  5:02  Extractor  
  69  5:03  Zergling x6  
  69  5:05  Roach Warren  
  69  5:06  Zergling x4  
  71  5:11  Extractor  
  69  5:17  Drone x7  
  69  5:21  Drone x4  
  78  5:29  Extractor  
  78  5:30  Drone x3  
  80  5:35  Overlord x2  
  80  5:40  Extractor  
  80  5:42  Drone x6, Evolution Chamber  
  83  5:49  Drone  
  81  5:50  Drone x3  
  81  5:53  Glial Reconstitution  
  81  6:00  Infestation Pit  
  81  6:02  Zergling x2  
  81  6:03  Zergling x6  
  82  6:05  Drone x3  
  82  6:10  Drone  
  82  6:11  Drone x3  
  88  6:13  Drone  
  88  6:14  Drone  
  89  6:20  Overseer  
  89  6:23  Overlord  
  89  6:26  Zerg Missile Weapons Level 1, Hatchery  
  89  6:27  Roach x2  
  89  6:31  Roach x2  
  96  6:32  Overlord  
  96  6:34  Overseer  
  96  6:39  Roach x3  
  102  6:41  Overlord  
  102  6:42  Roach  
  102  6:44  Overlord  
  104  6:50  Hive  
  104  6:52  Hydralisk Den  
  104  6:54  Ravager x4  
  104  6:56  Roach  
  104  6:57  Roach  
  104  7:00  Roach x2  
  104  7:01  Roach  
  117  7:03  Roach  
  117  7:04  Roach  
  117  7:05  Roach  
  117  7:07  Roach x4  
  131  7:09  Ravager  
  131  7:10  Roach  
  131  7:11  Roach  
  131  7:14  Roach  
  136  7:17  Roach  
  136  7:21  Overlord x2  
  136  7:22  Overlord  
  137  7:23  Overlord  
  137  7:26  Overlord  
  137  7:32  Overlord  
  137  7:34  Lurker Den  
  136  7:48  Zergling x24  
  148  7:54  Hatchery  
  147  7:59  Hydralisk x5  
  147  8:05  Hydralisk x2, Overlord  
  161  8:08  Overlord  
  161  8:14  Overlord  
  161  8:21  Nydus Network  
  161  8:22  Overlord  
  161  8:26  Zerg Missile Weapons Level 2  
  160  8:31  Lurker  
  160  8:32  Lurker x4  
  160  8:33  Zergling x12  
  160  8:34  Zergling x4  
  173  8:35  Drone  
  174  8:44  Seismic Spines  
  174  8:47  Hydralisk x2  
  174  8:48  Drone  
  175  8:49  Drone  
  175  8:50  Drone x4  
  176  9:00  Hydralisk x4, Extractor x2  
  175  9:06  Drone x2  
  175  9:07  Drone  
  175  9:09  Spore Crawler  
  177  9:11  Drone x3  
  177  9:14  Lurker x2  
  182  9:23  Pneumatized Carapace  
  182  9:27  Hatchery  
  182  9:29  Zergling x2  
  182  9:30  Zergling x14  
  189  9:38  Adrenal Glands  
  189  9:43  Zergling x4  
  189  9:44  Zergling x12  
  196  9:46  Lurker x3  
  196  9:48  Overseer  
  196  10:08  Hydralisk  
  198  10:15  Adaptive Talons  
  198  10:16  Grooved Spines  
  198  10:17  Overseer  
  198  10:22  Evolution Chamber  
  198  10:23  Hydralisk  
  199  10:34  Spore Crawler  
  187  10:43  Viper x2  
  187  10:44  Viper  
  187  10:46  Hydralisk  
  187  10:48  Drone  
  187  10:49  Drone x5  
  200  10:50  Overseer  
  200  10:55  Hatchery  
  199  10:58  Lurker x2, Spore Crawler x2  
  199  10:59  Spore Crawler  
  196  11:04  Nydus Canal  
  196  11:08  Lurker  
  190  11:16  Hydralisk x2  
  189  11:24  Hydralisk x3  
  190  11:27  Hydralisk  
  190  11:28  Muscular Augments  
  190  11:30  Hydralisk x2  
  188  11:33  Hydralisk  
  188  11:39  Hydralisk, Nydus Canal  
  161  11:40  Zergling x2  
  161  11:41  Zergling x16  
  161  11:45  Spine Crawler x2, Extractor  
  161  11:46  Extractor  
  162  11:47  Hydralisk x4  
  162  11:49  Drone x3  
  162  11:50  Spore Crawler  
  162  11:51  Drone x2  
  171  11:58  Lurker x2  
  171  12:00  Overseer  
  173  12:03  Hydralisk x2  
  173  12:05  Zergling x34  
  194  12:20  Zergling x16  
  198  12:23  Zergling x2  
  198  12:26  Nydus Canal  

Tags
 
Add a new tag
Caveats
  • Supply blocks, unpowered buildings, or Contaminate may cause inaccurate times.
  • Supply counts are checked every 10 seconds.